 Dungeon Crawl Stone Soup version 0.19-a0-1268-g6c5d9f8 (webtiles) character file.

5497 epen the Slicer (level 10, 0/51 HPs)
             Began as a Spriggan Monk on Aug 29, 2016.
             Was an Initiate of Gozag.
             Slain by a six-headed hydra (14 damage)
             ... on level 9 of the Dungeon.
             The game lasted 00:24:24 (12348 turns).

epen the Slicer (Spriggan Monk)                    Turns: 12348, Time: 00:24:54

Health: 0/51       AC:  4    Str:  7    XL:     10   Next: 42%
Magic:  14/14      EV: 26    Int: 13    God:    Gozag
Gold:   887        SH:  0    Dex: 21    Spells: 0 memorised, 9 levels left

rFire  + + .     SeeInvis +     w - +3 dagger (venom)
rCold  . . .     Gourm    .     E - +1 robe "Veczitt" {rF++ Stlth+}
rNeg   . . .     Faith    .     (shield restricted)
rPois  .         Spirit   .     (helmet restricted)
rElec  .         Dismiss  .     x - +0 cloak
rCorr  +         Reflect  .     (gloves unavailable)
MR     +....     Harm     .     (boots unavailable)
Stlth  ++++++....               H - amulet of rage
                                C - ring of resist corrosion
                                j - ring of flight

@: very quick
A: unfitting armour, see invisible, herbivore 3, speed 3, slow metabolism 2
a: Potion Petition, Call Merchant, Bribe Branch, Renounce Religion, Evoke
Berserk Rage, Evoke Flight


You were on level 9 of the Dungeon.
You worshipped Gozag.
Gozag was pleased with you.
You were hungry.

You visited 2 branches of the dungeon, and saw 10 of its levels.
You also visited: Sewer.

You collected 1023 gold pieces.
You spent 136 gold pieces at shops.

Inventory:

Hand Weapons
 a - a +0 short sword
 f - a +2 dagger of protection
 k - a +1 dagger of freezing
 w - a +3 dagger of venom (weapon)
Armour
 b - a +0 robe
 x - a +0 cloak (worn)
 E - the +1 robe "Veczitt" (worn) {rF++ Stlth+}
   (You bought it in a shop on level 9 of the Dungeon)

   It greatly protects you from fire.
   It makes you more stealthy.
Jewellery
 j - a ring of flight (left hand)
 t - an uncursed amulet of guardian spirit
 C - a ring of resist corrosion (right hand)
 H - an amulet of rage (around neck)
Wands
 z - a wand of polymorph (15/24)
 F - a wand of paralysis (15/24)
Scrolls
 d - 2 scrolls of magic mapping
 g - 7 scrolls of remove curse
 o - 2 scrolls of teleportation
 p - a scroll of amnesia
 r - 3 scrolls of identify
 y - a scroll of fog
 D - a scroll of recharging {unknown}
Potions
 e - 8 potions of curing
 h - 2 potions of haste
 i - a potion of flight {unknown}
 l - a potion of resistance {unknown}
 n - a potion of invisibility
 q - 2 potions of agility
 s - 6 potions of heal wounds
 u - 2 potions of might
 v - a potion of brilliance {unknown}
 B - a potion of magic {unknown}
Comestibles
 c - 6 bread rations
 m - a slice of pizza
 A - 6 fruits
 G - 7 royal jellies


   Skills:
 + Level 5.3 Fighting
 * Level 9.5 Short Blades
 * Level 6.0 Armour
 + Level 9.1 Dodging
 + Level 9.5 Stealth
 + Level 5.2 Evocations


You had 9 spell levels left.
You didn't know any spells.

Dungeon Overview and Level Annotations

Branches:
Dungeon (9/15)             Temple (1/1) D:5
   Lair: D:8-11         Orc: D:9-12

Altars:
Ashenzari
Cheibriados
Dithmenos
Elyvilon
Fedhas
Gozag
Hepliaklqana
Kikubaaqudgha
Makhleb
Nemelex Xobeh
Okawaru
Qazlal
Ru
Sif Muna
Trog
Uskayaw
Vehumet
Xom
Yredelemnul
Zin
The Shining One

Shops:
D:7 %   D:9 [

Annotations:
D:2 Sigmund


Innate Abilities, Weirdness & Mutations

You are tiny and cannot use many weapons and most armour.
You have supernaturally acute eyesight. (SInv)
You are a herbivore.
You cover ground extremely quickly.
You need consume almost no food.


Message History

The six-headed hydra misses you. The six-headed hydra bites you!
* * * LOW HITPOINT WARNING * * *
The six-headed hydra barely misses you.
The six-headed hydra closely misses you.
The six-headed hydra bites you!
* * * LOW HITPOINT WARNING * * *
The six-headed hydra bites you but does no damage.
There is an open door here.
You feel much better.
Evoke which item? (* to show all) (? for menu, Esc to quit)
Okay, then.
There is an open door here.
The six-headed hydra roars!
The six-headed hydra bites you! x2
* * * LOW HITPOINT WARNING * * *
The six-headed hydra misses you.
The six-headed hydra bites you but does no damage.
The six-headed hydra bites you!
You die...
Your body crumbles into a pile of gold.

# #...# #
##'########## ###
#...........#
..######...........#
..'....+..<.....)..#
..######...........#
..# #...........#
### ##########'## #
##@.# # ##D.## #
######..## #......##
####.#######
######..........#
....##..........#
................#
...#.##...D.....#


You could see a six-headed hydra.

Vanquished Creatures
  Pikel (D:7)
  A queen bee (D:9)
  Prince Ribbit (D:7)
  6 yaks (D:9)
  2 steam dragons (D:9)
  3 sky beasts
  3 ice beasts
  2 orc warriors
  3 slaves (D:7)
  An ogre (D:6)
  2 phantoms
  2 centaurs
  3 big kobolds (Sewer)
  2 giant frogs
  13 killer bees (D:9)
  3 scorpions
  2 howler monkeys
  2 centaur zombies (D:5)
  A giant frog zombie (D:4)
  2 hounds
  2 crimson imps
  A gnoll shaman (D:4)
  5 orc priests
  An iguana (D:5)
  9 orc wizards
  9 worker ants
  A killer bee zombie (D:8)
  A hound zombie (D:5)
  A worker ant zombie (D:5)
  A howler monkey zombie (D:5)
  9 adders
  A river rat (D:5)
  2 shadow imps
  An adder zombie (D:5)
  5 worms
  2 dart slugs
  6 giant geckos
  35 orcs
  5 ball pythons
  10 giant cockroaches
  7 hobgoblins
  13 jackals
  13 kobolds
  4 quokkas
  16 bats
  A giant gecko skeleton (D:8)
  5 giant newts
  8 goblins
  A jackal zombie (D:6)
  13 rats
243 creatures vanquished.

Vanquished Creatures (others)
  A giant frog (D:7)
  An orc wizard (D:4)
  A quokka (D:7)
3 creatures vanquished.

Grand Total: 246 creatures vanquished

Notes
Turn   | Place    | Note
-------+----------+-------------------------------------------
     0 | D:1      | epen the Spriggan Monk began the quest for the Orb.
     0 | D:1      | Reached XP level 1. HP: 11/11 MP: 2/2
    59 | D:1      | Reached XP level 2. HP: 11/16 MP: 3/3
   392 | D:1      | Reached XP level 3. HP: 19/19 MP: 4/4
   693 | D:2      | Found a glowing silver altar of Zin.
   750 | D:2      | Reached skill level 1 in Armour
  1057 | D:2      | Found a sacrificial altar of Ru.
  1057 | D:2      | Noticed Sigmund
  1409 | D:3      | Reached XP level 4. HP: 23/23 MP: 5/5
  2017 | D:3      | Found a burning altar of Makhleb.
  2132 | D:4      | Reached XP level 5. HP: 22/28 MP: 6/6
  2221 | D:4      | gello
  2221 | D:4      | its me
  2221 | D:4      | pepen
  2221 | D:4      | and ma frient
  2221 | D:4      | jac...
  2241 | D:4      | Reached skill level 5 in Dodging
  2480 | D:4      | Reached skill level 5 in Short Blades
  2497 | D:4      | Reached XP level 6. HP: 19/32 MP: 7/7
  2960 | D:4      | HP: 1/32 [orc priest/divine providence (13)]
  3637 | D:4      | Reached skill level 5 in Stealth
  4538 | D:5      | Entered Level 5 of the Dungeon
  4611 | D:5      | Reached XP level 7. HP: 22/36 MP: 8/8
  4693 | D:5      | Found a glowing drain.
  4718 | Sewer    | Entered a sewer
  5528 | D:5      | Found a staircase to the Ecumenical Temple.
  5714 | Temple   | Entered the Ecumenical Temple
  5964 | D:5      | Reached XP level 8. HP: 13/41 MP: 9/9
  6964 | D:6      | Found a hazy altar of Hepliaklqana.
  7682 | D:6      | Reached skill level 1 in Evocations
  8142 | D:6      | Reached XP level 9. HP: 45/45 MP: 11/11
  8426 | D:7      | Noticed Prince Ribbit
  8429 | D:7      | Killed Prince Ribbit
  8469 | D:7      | Found Nurokhau's Food Boutique.
  8573 | D:7      | Noticed Pikel
  8632 | D:7      | Killed Pikel
  8793 | D:7      | Found a white marble altar of Elyvilon.
  9326 | D:8      | Reached skill level 5 in Armour
  9373 | D:8      | Found an opulent altar of Gozag.
  9416 | D:8      | Became a worshipper of Gozag Ym Sagoz the Greedy
  9888 | D:9      | Found Filoaff's Antique Armour Shop.
  9897 | D:9      | Bought a heavy robe for 136 gold pieces
  9907 | D:9      | Identified the +1 robe "Veczitt" {rF++ Stlth+} (You bought it in a shop on level 9 of the Dungeon)
  9971 | D:9      | Noticed a queen bee
 10080 | D:9      | HP: 2/46 [poisoned by a killer bee]
 10089 | D:9      | HP: 1/46 [poisoned by a killer bee]
 10096 | D:9      | HP: 1/46 [poisoned by a killer bee]
 10571 | D:9      | Reached skill level 5 in Fighting
 10836 | D:9      | Reached XP level 10. HP: 51/51 MP: 14/14
 11570 | D:9      | Noticed a six-headed hydra
 11855 | D:9      | Reached skill level 5 in Evocations
 12348 | D:9      | Slain by a six-headed hydra

Vault maps used:
D:1:      eino_arrival_tree_alley, minmay_vboxes
D:2:      zin_academy, first_bread, nicolae_ru_sacrificial_ziggurat,
          uniq_sigmund
D:3:      bloody_makhleb
D:4:      wad_crossroads
D:5:      portal_sewer_entry_c
D:6:      nicolae_overflow_crystal_walls, grunt_decor_arrowhead
D:7:      elyvilon_altar_4, serial_shops, shop, uniq_pikel, uniq_prince_ribbit1
D:8:      kennysheep_little_box
D:9:      serial_shops, shop, st_stairs_6, david_nohive_1
Temple:   eino_temple_scatter_basement
Sewer:    kennysheep_pipe_town

Skill      XL: |  1  2  3  4  5  6  7  8  9 10 |
---------------+-------------------------------+-----
Armour         | 1 2 3 4 5 6 |  6.0
Short Blades   | 4 5 6 7 9 |  9.5
Stealth        | 4 5 6 7 8 9 |  9.5
Dodging        | 5 6 7 8 9 |  9.1
Fighting       | 3 4 5 |  5.3
Evocations     | 1 4 5 |  5.2

Action                   |  1- 3 |  4- 6 |  7- 9 | 10-12 || total
-------------------------+-------+-------+-------+-------++-------
Melee: Short sword       |    15 |       |       |       ||    15
       Dagger            |   145 |   534 |   716 |   225 ||  1620
  Use: Scroll            |       |     9 |     5 |       ||    14
       Potion            |       |       |     2 |     1 ||     3
 Stab: Sleeping          |    14 |     4 |    29 |     5 ||    52
       Distracted        |       |       |     6 |     2 ||     8
  Eat: Royal jelly       |       |     1 |       |       ||     1
       Pizza             |       |       |     2 |       ||     2
       Bread ration      |       |       |     1 |       ||     1
Armor: Robe              |    24 |    60 |    62 |    13 ||   159
Dodge: Dodged            |   106 |   340 |   451 |   137 ||  1034
